 Dungeon Crawl Stone Soup version 0.16-a0-1276-g18860b1 (webtiles) character file.

677 PolkaDot the Caller (level 7, 0/50 HPs)
             Began as a Vampire Summoner on Oct 13, 2014.
             Was a Believer of Dithmenos.
             Killed from afar by an orc wizard (5 damage)
             ... with a puff of flame
             ... on level 4 of the Dungeon on Oct 14, 2014.
             The game lasted 00:18:57 (4147 turns).

PolkaDot the Caller (Vampire Summoner)              Turns: 4147, Time: 00:18:58

Health: 0/50       AC:  3    Str:  9    XL:     7   Next: 33%
Magic:  10/12      EV: 11    Int: 19    God:    Dithmenos [**....]
Gold:   183        SH:  0    Dex: 14    Spells: 3 memorised, 4 levels left

rFire  . . .     SeeInvis +     g - +6 lajatang of Red Wine {freeze, +Blink rElec MR+ Str+2}
rCold  . . .     Clarity  .     h - +0 leather armour
rNeg   . . .     SustAb   .     (no shield)
rPois  .         Gourm    .     (no helmet)
rElec  +         Spirit   .     (no cloak)
rCorr  .         Warding  .     (no gloves)
rMut   .         Stasis   .     (no boots)
MR     +....                    (no amulet)
Stlth  ++++......               (no ring)
                                (no ring)

@: regenerating quickly, wreathed by umbra, somewhat resistant to hostile
enchantments, stealthy
A: bottle blood, fangs 3, see invisible, unbreathing
a: Bottle Blood, Shadow Step, Renounce Religion, Evoke Blink


You were on level 4 of the Dungeon.
You worshipped Dithmenos.
Dithmenos was pleased with you.
You were very full.

You visited 1 branch of the dungeon, and saw 4 of its levels.

You collected 183 gold pieces.

Inventory:

Hand weapons
 g - the +6 lajatang of Red Wine (weapon) {freeze, +Blink rElec MR+ Str+2}
   (You found it on level 4 of the Dungeon)

   It has been specially enchanted to freeze those struck by it, causing extra
   injury to most foes and up to double damage against particularly susceptible
   opponents.
   It can also slow down cold-blooded creatures.
   It affects your strength (+2).
   It insulates you from electricity.
   It affects your resistance to hostile enchantments.
   It lets you blink.
Armour
 h - a +0 leather armour (worn)
Scrolls
 a - a scroll of amnesia {unknown}
 d - a scroll of fog
 e - a scroll of magic mapping
 f - 6 scrolls of remove curse
 i - a scroll of teleportation {unknown}
 j - 2 scrolls of noise {unknown}
 k - a scroll of identify {unknown}
Potions
 c - 3 potions of blood {@*1}
Books
 b - a book of Callings

   Spells                             Type                      Level
   *Summon Small Mammal               Summoning                    1
   *Call Imp                          Summoning                    2
   *Call Canine Familiar              Summoning                    3
   Summon Guardian Golem              Hexes/Summoning              4
   Summon Lightning Spire             Summoning/Air                4
   Summon Ice Beast                   Ice/Summoning                4


   Skills:
 - Level 2.2 Fighting
   Level 2.5 Short Blades
 * Level 2.6 Staves
 - Level 2.2 Dodging
 - Level 6.0 Stealth
 - Level 2.0 Spellcasting
 + Level 6.4 Summonings
 + Level 0.6 Invocations


You had 4 spell levels left.
You knew the following spells:

 Your Spells              Type           Power        Failure   Level  Hunger
a - Summon Small Mammal   Summ           ####         1%          1    #......
d - Call Canine Familiar  Summ           ####....     4%          3    ####...
s - Call Imp              Summ           ####....     1%          2    ##.....


Dungeon Overview and Level Annotations

Branches:
Dungeon (4/15)
 Temple: D:4-7

Altars:
Dithmenos
Gozag
Kikubaaqudgha
Nemelex Xobeh
Okawaru


Innate Abilities, Weirdness & Mutations

Your natural rate of healing is unusually fast.
You can bottle blood from corpses.
You have razor-sharp teeth.
You have supernaturally acute eyesight.
You can survive without breathing.


Message History

The orc wizard gestures at you while chanting.
The magic dart hits you!
* * * LOW HITPOINT WARNING * * *
You slash the orc priest! You freeze the orc priest.
You kill the orc priest!
Dithmenos accepts your kill. The orc misses you.
The orc barely misses your hound. The orc wizard closely misses you.
You closely miss the orc wizard.
Your hound bites the orc.
The orc hits you with a hand axe.
* * * LOW HITPOINT WARNING * * *
The orc barely misses your hound.
The orc wizard points at you and mumbles some strange words.
The magic dart hits you!
* * * LOW HITPOINT WARNING * * *
Your hound bites the orc.
You swap places.
Your hound misses the orc wizard.
The orc wizard points at you and mumbles some strange words.
The puff of flame misses your hound. The puff of flame hits you!
You die...

### #.# #.g #.. #.# #..
####.# ##. #.. #....###.... .
##. #.<............ #. ..
#.............. #. ...#
#.oo[.......... #.
.>...##..h@.........######.
............###............)
............#)#.............
..........###.###..........(
#..........#....)#...........
#......#.###.###.###..#......
#........#...# #..(#..#......
#........###.###.###..#......
#..........#.....#....#......


You could see an orc wizard (invisible), an orc, a hobgoblin and a friendly
hound.

Vanquished Creatures
  Sigmund (D:4)
  3 orc priests
  An iguana (D:4)
  3 orc wizards (D:4)
  2 worker ants (D:4)
  5 adders
  A worm (D:2)
  An adder skeleton (D:4)
  4 giant geckos
  9 orcs
  2 ball pythons
  6 giant cockroaches
  8 goblins
  9 hobgoblins
  2 jackals (D:2)
  9 kobolds
  3 quokkas
  10 bats
  4 giant newts
  A goblin skeleton (D:4)
  A jackal skeleton (D:4)
  A kobold skeleton (D:4)
  2 orc skeletons (D:4)
  16 rats
104 creatures vanquished.

Vanquished Creatures (collateral kills)
  Eustachio (D:4)
  A phantom (D:4)
  A hound (D:4)
  An orc priest (D:4)
  An orc wizard (D:3)
  2 adders (D:2)
  A giant mite (D:1)
  A giant gecko (D:4)
  2 orcs
  A hobgoblin (D:1)
  2 bats
  A giant newt (D:3)
  A jackal (D:2)
  5 rats
21 creatures vanquished.

Vanquished Creatures (others)
  A hound (D:4)
  An iron imp (D:4)
  A quokka (D:1)
  A bat (D:1)
  A rat (D:1)
5 creatures vanquished.

Grand Total: 130 creatures vanquished

Notes
Turn   | Place    | Note
--------------------------------------------------------------
     0 | D:1      | PolkaDot, the Vampire Summoner, began the quest for the Orb.
     0 | D:1      | Reached XP level 1. HP: 13/13 MP: 3/3
     0 | D:1      | Upgraded the game from 0.16-a0-1271-g9217ee2 to 0.16-a0-1276-g18860b1
   129 | D:1      | Reached XP level 2. HP: 12/20 MP: 4/4
   213 | D:1      | Reached skill level 1 in Fighting
   924 | D:1      | Reached XP level 3. HP: 26/26 MP: 3/6
  1367 | D:1      | Learned a level 3 spell: Call Canine Familiar
  1370 | D:1      | Learned a level 2 spell: Call Imp
  1699 | D:2      | Found a shadowy altar of Dithmenos.
  1780 | D:2      | Found an opulent altar of Gozag.
  1781 | D:2      | Found a sparkling altar of Nemelex Xobeh.
  1825 | D:2      | Found a shadowy altar of Dithmenos.
  1940 | D:2      | Became a worshipper of Dithmenos the Shadowed
  2122 | D:2      | Reached XP level 4. HP: 29/33 MP: 3/7
  2656 | D:3      | Reached skill level 1 in Short Blades
  2728 | D:3      | Reached skill level 5 in Summonings
  2883 | D:2      | Reached XP level 5. HP: 27/38 MP: 5/9
  3187 | D:3      | Found an ancient bone altar of Kikubaaqudgha.
  3575 | D:4      | Found an iron altar of Okawaru.
  3585 | D:4      | Got a pitted lajatang
  3592 | D:4      | Reached XP level 6. HP: 26/44 MP: 10/10
  3661 | D:4      | Identified the +6 lajatang of Red Wine {freeze, +Blink rElec MR+ Str+2} (You found it on level 4 of the Dungeon)
  3723 | D:4      | Noticed Eustachio
  3851 | D:4      | Reached skill level 5 in Stealth
  3851 | D:4      | Reached skill level 6 in Summonings
  3993 | D:4      | Noticed Sigmund
  4000 | D:4      | Reached skill level 1 in Staves
  4005 | D:4      | Killed Eustachio
  4013 | D:4      | Killed Sigmund
  4013 | D:4      | Reached XP level 7. HP: 35/50 MP: 12/12
  4056 | D:4      | Acquired Dithmenos' first power
  4147 | D:4      | Killed from afar by an orc wizard

Action                   |  1- 3 |  4- 6 |  7- 9 || total
-------------------------+-------+-------+-------++-------
Melee: Unarmed           |   126 |       |       ||   126
       Dagger            |    79 |   139 |       ||   218
       Lajatang          |       |    27 |    24 ||    51
 Cast: Summon Small Mamm |    22 |       |       ||    22
       Call Canine Famil |     2 |     7 |     1 ||    10
       Call Imp          |     1 |     7 |       ||     8
 Abil: Bottle Blood      |       |     1 |     5 ||     6
  Use: Potion            |     2 |     4 |     2 ||     8
       Scroll            |       |     3 |       ||     3
 Stab: Sleeping          |     5 |     7 |     3 ||    15
       Distracted        |       |     1 |       ||     1
  Eat: Corpse            |    21 |    16 |       ||    37
